cohdb
Replays
Latest Replays
All Replays
Popular Replays
Top Player Replays
Match Explorer
How It Works
Community
CoH3 Stats
Reddit
Sign in to upload your games and track your stats! →
Sign in with Steam
Match 45450349
Unlisted
Match 45450349
Overview
Messages
Build Orders
End
Kettenkrad Recon Vehicle
Construct Infanterie Kompanie
Grenadier Squad
Selects Breakthrough Battlegroup
Selects Assault Grenadiers
MG 42 Machine Gun Team
Grenadier Squad
Infanterie Officer Quarters
Grenadier Squad
Medical Station
MG 42 Machine Gun Team
Construct Panzergrenadier Kompanie
Panzergrenadier Squad
Selects Smoke Bombing Run
Selects Incendiary Bombing Run
Panzergrenadier Squad
Pioneer Squad
Construct Panzer Kompanie
Construct Panzer Kompanie
MG 42 Bunker
Septimum
영국좆사기
STALKER4732
Devochkin
0
0
Comments
sign in to comment!
No comments posted yet!